 Dungeon Crawl Stone Soup version 0.28.0-47-ge53b351184 (webtiles) character file.

Game seed: 4949203679431171856

279 hawla the Changer (level 6, -6/28 HPs)
             Began as a Felid Transmuter on May 2, 2022.
             Was an Initiate of Vehumet.
             Shot with an arrow by a centaur (16 damage)
             ... on level 5 of the Dungeon.
             The game lasted 00:13:27 (4438 turns).

hawla the Changer (Felid Transmuter)                Turns: 4438, Time: 00:13:28

Health: -6/28      AC:  2    Str:  6    XL:     6   Next: 5%
Magic:  3/9        EV: 21    Int: 23    God:    Vehumet [......]
Gold:   142        SH:  0    Dex: 21    Spells: 3/9 levels left
                                        Lives:  0   Deaths: 1

rFire   . . .      SeeInvis +     - Unarmed
rCold   . . .      Faith    .   (shield unavailable)
rNeg    . . .      Spirit   .   (armour unavailable)
rPois   x          Reflect  .   (helmet unavailable)
rElec   .          Harm     .   (cloak unavailable)
rCorr   .          Rampage  .   (gloves unavailable)
Will    .....                   (boots unavailable)
Stlth   ++........              (no amulet)
HPRegen 0.09/turn               c - +6 ring of intelligence
MPRegen 0.11/turn               (no ring)

@: spider-form, wereblooded
A: venomous fangs, tiny, (claws 1), (fangs 3), see invisible, (speed 1), (shaggy
fur 2), (stealthy paws), no weapons or thrown items, no armour, multi-lived, low
MP 1, sense surroundings 1, robust 1
a: End Transformation, Renounce Religion


You were on level 5 of the Dungeon.
You worshipped Vehumet.
Vehumet was noncommittal.
You were a venomous arachnid creature.
You visited 1 branch of the dungeon, and saw 5 of its levels.

You collected 142 gold pieces.

Inventory:

Jewellery
 c - a +6 ring of intelligence (left front leg)
Wands
 i - a wand of flame (20) (quivered)
Scrolls
 d - a scroll of immolation
 e - 2 scrolls of teleportation {unknown}
 f - a scroll of summoning {unknown}
 j - a scroll of noise {unknown}
 k - a scroll of holy word {unknown}
 l - a scroll of amnesia {unknown}
Potions
 g - 2 potions of attraction {unknown}
 h - a potion of curing


   Skills:
 + Level 2.1 Fighting
 + Level 3.6 Dodging
 + Level 0.8 Stealth
 + Level 3.8 Unarmed Combat
 + Level 2.4 Spellcasting
 + Level 6.4 Transmutations
 + Level 1.4 Poison Magic


You had 3 spell levels left.
You knew the following spells:

 Your Spells              Type           Power      Damage    Failure   Level
a - Beastly Appendage     Tmut           64%        N/A       4%          1
b - Wereblood             Tmut           32%        N/A       6%          2
c - Spider Form           Tmut/Pois      20%        N/A       21%         3

Your spell library contained the following spells:

 Spells                   Type           Power      Damage    Failure   Level
 Sublimation of Blood     Necr           2%         N/A       38%         2
 Ice Form                 Ice/Tmut       17%        N/A       54%         4
 Summon Hydra             Summ           1%         N/A       100%        7


Dungeon Overview and Level Annotations

Branches:
Dungeon (5/15)
 Temple: D:4-7

Altars:
Fedhas
Vehumet

Annotations:
D:3 2 transporters, Iusername's ghost, amateur MiFi


Innate Abilities, Weirdness & Mutations

You are a venomous arachnid creature.
You have poisonous fangs.
You are tiny and dextrous.
Your spellcasting is less reliable in this form.
((You have sharp claws.))
((You have razor-sharp teeth.))
You have supernaturally acute eyesight. (SInv)
((You cover ground quickly. (Speed+)))
((You are covered in thick fur. (AC +2)))
((Your paws help you pounce on unaware monsters.))
You are incapable of wielding weapons or throwing items.
You cannot wear armour.
You gain extra lives every three experience levels.
Your magical capacity is low. (-10% MP)
You passively map a small area around you.
You are robust. (+10% HP)


Message History

The orc wizard looks as sick as possible!
The orc wizard is heavily wounded.
The orc wizard completely misses you. The orc misses you.
You hit the orc wizard.
You feel a bit better.
You kill the orc wizard!
The centaur wields a +0 shortbow.
The centaur shoots an arrow.
The arrow completely misses you. The orc closely misses you.
Welcome back to level 6!
You hit the orc.
The orc is moderately wounded.
The sky beast flickers out of sight for a moment.
The orc priest looks braver for a moment.
The orc barely misses you. The orc misses you.
You hit the orc.
The orc is moderately wounded.
The orc misses you. x2
You hit the orc.
The orc is severely wounded.
You hiss as the wereblood boils in your veins!
The orc misses you.
You hit the orc.
The orc is poisoned.
The orc is almost dead.
The orc completely misses you.
The orc hits you from afar with a +0 trident.
You hit the orc but do no damage.
The orc looks as sick as possible!
The orc is almost dead.
You feel a bit better.
You kill the orc!
The centaur shoots an arrow.
The arrow hits you!
The centaur wields a +0 shortbow.
The centaur shoots an arrow.
The arrow hits you.
Blink to where?
Press: ? - help, Dir - move target
Found a faded altar of an unknown god.
As you read the scroll of blinking, it crumbles to dust.
You crawl onto the altar of Vehumet.
Vehumet welcomes you!
The centaur shoots an arrow.
The arrow hits you!
Ouch! That really hurt!
You die...

* * , ,, ###
, , , , #s#
, , , #.# ..
* # ,,,
##[.. * ..
.. , #..#..
.. ...# ,
#.# #.# ..
..... #.#
*.#* #.
.....o##.#
.. ..
#...oc)c.#,,
._ .. ,,
....oc##.#


You could see a centaur.

Vanquished Creatures
  Sigmund (D:4)
  A necrophage (D:4)
  A howler monkey (D:5)
  A hound (D:5)
  An orc wizard (D:5)
  Robin (D:2)
  5 adders
  3 worms
  2 dart slugs
  2 orcs
  6 endoplasms
  5 giant cockroaches
  16 goblins
  6 hobgoblins
  3 quokkas
  6 ball pythons
  3 bats
  3 frilled lizards
  8 kobolds
  2 rats
76 creatures vanquished.

Notes
Turn   | Place    | Note
-------+----------+-------------------------------------------
     0 | D:1      | hawla the Felid Transmuter began the quest for the Orb.
     0 | D:1      | Reached XP level 1. HP: 9/9 MP: 4/4
   627 | D:1      | Reached XP level 2. HP: 12/12 MP: 4/6
  1109 | D:2      | Gained mutation: Your magical capacity is low. (-10% MP)
                  | [potion of mutation]
  1109 | D:2      | Gained mutation: You are robust. (+10% HP) [potion of
                  | mutation]
  1109 | D:2      | Gained mutation: You passively map a small area around you.
                  | [potion of mutation]
  1689 | D:2      | Learned a level 2 spell: Wereblood
  1740 | D:2      | Reached XP level 3. HP: 16/16 MP: 3/6
  1751 | D:2      | Reached skill level 3 in Transmutations
  1978 | D:2      | Found a faded altar of an unknown god.
  2177 | D:2      | Noticed Robin
  2208 | D:2      | HP: 1/24 [goblin/+0 dagger[Robin] (1)]
  2216 | D:2      | Killed Robin
  2418 | D:2      | Reached XP level 4. HP: 20/20 MP: 5/7
  2525 | D:2      | Learned a level 3 spell: Spider Form
  2953 | D:3      | Reached skill level 4 in Transmutations
  3065 | D:3      | Found a transporter.
  3065 | D:3      | Noticed Iusername's ghost (amateur MiFi)
  3077 | D:3      | Found a transporter.
  3382 | D:4      | Noticed Sigmund
  3541 | D:4      | Found a blossoming altar of Fedhas.
  3560 | D:4      | Killed Sigmund
  3561 | D:4      | Reached skill level 5 in Transmutations
  3561 | D:4      | Reached skill level 1 in Poison Magic
  3561 | D:4      | Reached XP level 5. HP: 24/24 MP: 3/8
  3561 | D:4      | Gained mutation: You are covered in thick fur. (AC +2)
                  | [Felid growth]
  3561 | D:4      | Reached XP level 6. HP: 28/28 MP: 3/9
  3844 | D:4      | Reached skill level 6 in Transmutations
  4329 | D:5      | Entered Level 5 of the Dungeon
  4393 | D:5      | Noticed a sky beast
  4410 | D:5      | Slain by a sky beast
  4411 | D:5      | Reached XP level 5. HP: -3/24 MP: 8/8
  4411 | D:5      | Found a faded altar of an unknown god.
  4411 | D:5      | Found a radiant altar of Vehumet.
  4414 | D:5      | Noticed a centaur
  4426 | D:5      | Noticed a black bear
  4427 | D:5      | Noticed a centaur
  4432 | D:5      | Reached XP level 6. HP: 25/28 MP: 3/9
  4437 | D:5      | Found a faded altar of an unknown god.
  4438 | D:5      | Became a worshipper of Vehumet
  4438 | D:5      | Shot with an arrow by a centaur

Illustrated notes

Levels and vault maps discovered:
D:1:      wander_arrival_desolate, layout_basic
D:2:      layout_rooms, dreamdust_ecumenical_altar_hidden_monk_grotto,
          uniq_robin
D:3:      layout_rooms, gammafunk_ghost_arena, minmay_cupped
D:4:      layout_gridville, fedhas_altar_1, uniq_sigmund
D:5:      layout_cave_pools, chequers_temple_overflow_minitemple

Skill      XL: |  1  2  3  4  5  6 |
---------------+-------------------+-----
Dodging        | 3 |  3.6
Transmutations | 3 5 6 |  6.4
Poison Magic   | 1 |  1.4
Fighting       | 2 |  2.1
Stealth        | |  0.8
Unarmed Combat | |  3.8
Spellcasting   | |  2.4

Action                   |  1- 3 |  4- 6 || total
-------------------------+-------+-------++-------
Melee: Unarmed           |    89 |   129 ||   218
       Headbutt          |    11 |    10 ||    21
       Bite              |     6 |    14 ||    20
       Punch             |     3 |     4 ||     7
 Cast: Beastly Appendage |    16 |    13 ||    29
       Wereblood         |     5 |     7 ||    12
       Spider Form       |       |     5 ||     5
Evoke: Wand              |     2 |       ||     2
  Use: Potion            |     3 |       ||     3
       Scroll            |     1 |     4 ||     5
 Stab: Sleeping          |     4 |     1 ||     5
Armor: Skin              |    40 |     7 ||    47
Dodge: Dodged            |    52 |   111 ||   163
